Boston Bruins vs Los Angeles Kings
Created - Friday, March 29, 2024 at 07:18
Goals
|
| Boston Bruins |
0 |
0 |
2 |
0 |
1 |
2 |
| Los Angeles Kings |
1 |
1 |
0 |
0 |
2 |
3 |
|
Shots
|
| Boston Bruins |
8 |
4 |
14 |
1 |
3 |
27 |
| Los Angeles Kings |
6 |
10 |
7 |
0 |
3 |
23 |
|
1st period
1. Los Angeles Kings , Alexander Radulov 11 (Trent Frederic 10, Peyton Krebs 11) at 15:22
Penalties :
David Krejci (BOS) for Roughing (Minor) at 8:25, Joel Farabee (BOS) for Hooking (Minor) at 10:39
2nd period
2. Los Angeles Kings , Cole Perfetti 11 (Marco Rossi 6) at 4:43
Penalties :
No Penalty
3rd period
3. Boston Bruins , Anthony Beauvillier 13 (Pavel Zacha 24, Brandon Hagel 16) at 12:22 (PP)
4. Boston Bruins , Otto Koivula 3 (Matt Grzelcyk 7, Charlie McAvoy 13) at 19:17
Penalties :
Joel Farabee (BOS) for Tripping (Minor) at 1:43, Cole Perfetti (LAK) for Holding Stick (Minor) at 11:28, Andrei Svechnikov (LAK) for High sticking (Double Minor) at 14:41
Overtime #1
No Goal
Penalties :
No Penalty
Shootout
Boston Bruins, Brandon Hagel - Goal!
Los Angeles Kings, Andrei Svechnikov - Stopped by Leevi Merilainen
Boston Bruins, Pavel Zacha - Stopped by John Gibson
Los Angeles Kings, Andrei Kuzmenko - Goal!
Boston Bruins, David Krejci - Shot Misses the Net
Los Angeles Kings, Cole Perfetti - Goal!
Penalties :
No Penalty
Goalie Stats
Leevi Merilainen (BOS), 21 saves from 23 shots - (0.913), OTL, 6-8-5, 64:46 minutes
John Gibson (LAK), 25 saves from 27 shots - (0.926), W, 16-17-5, 65:00 minutes
Players Stats for Boston Bruins
Player Name G A P +/- PIM S H SB GA TA FO MP PP MP PK MP
------------------------------------------------------------------------------------
Anthony Beauvillier 1 0 1 -1 0 3 1 0 0 0 0/1 19:37 2:14 2:49
Brandon Hagel 0 1 1 -1 0 3 0 1 0 0 0/3 25:39 2:14 2:58
Cam York 0 0 0 -1 0 1 0 0 0 2 0/0 22:31 1:58 2:56
Charlie McAvoy 0 1 1 1 0 2 4 1 1 1 0/0 26:11 2:17 3:01
Curtis Hall 0 0 0 0 0 0 1 0 0 0 1/3 9:25 0:37 0:00
David Krejci 0 0 0 -1 2 4 1 0 0 0 9/14 20:36 1:42 2:00
Jack Studnicka 0 0 0 0 0 0 0 0 0 0 1/1 0:27 0:00 0:00
Joe Veleno 0 0 0 1 0 0 1 0 0 0 0/0 15:08 0:20 0:38
Joel Farabee 0 0 0 -1 4 4 2 1 2 0 0/0 17:06 1:42 0:00
John-Jason Peterka 0 0 0 -1 0 0 1 1 0 0 0/0 16:07 1:41 0:00
Matt Grzelcyk 0 1 1 0 0 0 0 0 0 1 0/0 16:34 0:38 0:00
Morgan Geekie 0 0 0 0 0 2 1 0 0 0 0/0 13:34 0:58 0:00
Otto Koivula 1 0 1 1 0 1 2 1 0 2 0/0 9:04 0:00 0:00
Pavel Zacha 0 1 1 -1 0 2 0 0 0 0 12/18 20:59 2:14 2:58
Ryan Donato 0 0 0 0 0 3 0 0 1 0 4/6 15:55 0:57 0:31
Samuel Bolduc 0 0 0 -1 0 0 2 2 0 2 0/0 16:17 0:38 0:00
Samuel Girard 0 0 0 -1 0 1 0 0 0 1 0/0 22:42 1:58 2:56
Tyson Barrie 0 0 0 1 0 1 0 2 1 4 0/0 26:08 2:17 3:01
Players Stats for Los Angeles Kings
Player Name G A P +/- PIM S H SB GA TA FO MP PP MP PK MP
------------------------------------------------------------------------------------
Alexander Radulov 1 0 1 1 0 2 2 0 0 1 4/12 18:25 1:46 1:48
Alexander Romanov 0 0 0 0 0 2 0 0 0 0 0/0 23:11 3:52 2:05
Andrei Kuzmenko 0 0 0 0 0 0 0 1 1 1 0/1 21:16 3:53 2:06
Andrei Svechnikov 0 0 0 -1 4 2 0 0 0 0 1/2 20:09 3:53 0:32
Cole Perfetti 1 0 1 1 2 2 2 1 1 0 2/11 17:06 1:46 1:24
Cooper Marody 0 0 0 0 0 1 2 0 0 0 2/2 10:01 0:00 0:37
Erik Brannstrom 0 0 0 1 0 1 1 3 0 0 0/0 16:21 0:00 0:32
Jakub Zboril 0 0 0 0 0 0 2 0 0 1 0/0 10:33 0:00 0:32
Joshua Brown 0 0 0 0 0 0 2 4 0 0 0/0 16:25 0:00 0:00
K'Andre Miller 0 0 0 -1 0 3 0 1 1 1 0/0 23:39 3:52 2:05
Marco Rossi 0 1 1 0 0 0 1 0 2 0 0/0 16:31 1:46 0:00
Noah Dobson 0 0 0 1 0 3 4 1 3 0 0/0 24:00 2:05 2:16
Owen Power 0 0 0 1 0 1 1 3 0 1 0/0 24:00 2:05 2:16
Peyton Krebs 0 1 1 1 0 1 4 0 1 0 0/1 15:53 0:18 1:17
Ryan Reaves 0 0 0 1 0 0 3 1 0 0 0/0 13:06 0:18 0:00
Seth Jarvis 0 0 0 -1 0 1 1 0 0 0 10/17 21:09 3:53 1:48
Trent Frederic 0 1 1 1 0 1 1 0 2 0 0/0 12:44 0:00 0:00
Vitali Kravtsov 0 0 0 0 0 3 1 0 2 0 0/0 10:36 0:18 0:14
3 Stars
1 - Alexander Radulov (LAK)
2 - Otto Koivula (BOS)
3 - Peyton Krebs (LAK)
Power Play
Boston Bruins - 1 on 3 Attempt(s) - 33.33%
Los Angeles Kings - 0 on 3 Attempt(s) - 0.00%
Penalty Kill
Boston Bruins - 3 on 3 Attempt(s) - 100.00%
- Score 0 goal in Penalty Kill
Los Angeles Kings - 2 on 3 Attempt(s) - 66.67%
- Score 0 goal in Penalty Kill
Team Stat
Boston Bruins - Hits : 16 - Faceoff Wins : 27 - Blocked Shots : 9 - Penalty Minutes : 6
Los Angeles Kings - Hits : 27 - Faceoff Wins : 19 - Blocked Shots : 15 - Penalty Minutes : 6
Official
Referees : Brad Meier and Marc Joannette
Linesman : Jonny Murray and Matt MacPherson
Game Notes
Jack Studnicka is injured at 2:32 of 1st period (Left Leg)
Finance
Level 1 -- Attendance: 4245 (70.75%) -- Ticket Income $424,500
Level 2 -- Attendance: 3535 (70.70%) -- Ticket Income $212,100
Level 3 -- Attendance: 2018 (67.27%) -- Ticket Income $70,630
Level 4 -- Attendance: 3273 (65.46%) -- Ticket Income $81,825
Luxury Box -- Attendance: 769 (76.90%) -- Ticket Income $153,800
Game was played at the Staples Center.
Total Attendance: 13840 (69.20%)
Total Ticket Income: $942,855
Other Income: $329,999
Total Income: $1,272,854
Boston Bruins
5 vs 5 Forward
Center Left Wing Right Wing Time % Phy DF OF
1 Pavel Zacha Brandon Hagel Anthony Beauvillier 30 1 2 2
2 David Krejci Joel Farabee John-Jason Peterka 30 1 2 2
3 Ryan Donato Joe Veleno Morgan Geekie 25 1 2 2
4 Jack Studnicka Otto Koivula Brandon Hagel 15 1 2 2
5 vs 5 Defense
Defense Defense Time % Phy DF OF
1 Charlie McAvoy Tyson Barrie 30 1 2 2
2 Samuel Girard Cam York 30 1 2 2
3 Matt Grzelcyk Samuel Bolduc 25 1 2 2
4 Charlie McAvoy Tyson Barrie 15 1 2 2
PowerPlay Forward
Center Left Wing Right Wing Time % Phy DF OF
1 Pavel Zacha Brandon Hagel Anthony Beauvillier 50 1 2 2
2 David Krejci Joel Farabee John-Jason Peterka 50 1 2 2
PowerPlay Defense
Defense Defense Time % Phy DF OF
1 Charlie McAvoy Tyson Barrie 50 1 2 2
2 Samuel Girard Cam York 50 1 2 2
Penalty Kill 4 Players Forward
Center Wing Time % Phy DF OF
1 Brandon Hagel Pavel Zacha 50 1 2 2
2 David Krejci Anthony Beauvillier 50 1 2 2
Penalty Kill 4 Players Defense
Defense Defense Time % Phy DF OF
1 Charlie McAvoy Tyson Barrie 50 1 2 2
2 Samuel Girard Cam York 50 1 2 2
Penalty Kill - 3 Players Forward
Forward Time % Phy DF OF
1 Brandon Hagel 50 1 2 2
2 Pavel Zacha 50 1 2 2
Penalty Kill - 3 Players Defense
Defense Defense Time % Phy DF OF
1 Charlie McAvoy Tyson Barrie 50 1 2 2
2 Samuel Girard Cam York 50 1 2 2
4 vs 4 Forward
Center Wing Time % Phy DF OF
1 Brandon Hagel Pavel Zacha 50 1 2 2
2 David Krejci Anthony Beauvillier 50 1 2 2
4 vs 4 Defense
Defense Defense Time % Phy DF OF
1 Charlie McAvoy Tyson Barrie 50 1 2 2
2 Samuel Girard Cam York 50 1 2 2
Last Minutes Offensive
Center Left Wing Right Wing Defense Defense
Pavel Zacha Brandon Hagel Anthony Beauvillier Charlie McAvoy Tyson Barrie
Last Minutes Defensive
Center Left Wing Right Wing Defense Defense
Pavel Zacha Brandon Hagel Anthony Beauvillier Charlie McAvoy Tyson Barrie
Goaltenders
Starting : Leevi Merilainen
Backup : Pyotr Kochetkov
Extra Forwards
Normal : Curtis Hall, Ryan Donato, Joe Veleno - PP : Curtis Hall, Ryan Donato - PK : Joe Veleno
Extra Defensemen
Normal : Matt Grzelcyk, Samuel Bolduc, Samuel Girard - PP : Matt Grzelcyk - PK : Samuel Bolduc, Samuel Girard
Penalty Shots
Brandon Hagel, Pavel Zacha, David Krejci, Anthony Beauvillier, Joel Farabee
Los Angeles Kings
5 vs 5 Forward
Center Left Wing Right Wing Time % Phy DF OF
1 Seth Jarvis Andrei Svechnikov Andrei Kuzmenko 30 1 2 2
2 Alexander Radulov Trent Frederic Peyton Krebs 30 1 2 2
3 Cole Perfetti Ryan Reaves Marco Rossi 25 1 2 2
4 Cooper Marody Vitali Kravtsov Jakub Zboril 15 1 2 2
5 vs 5 Defense
Defense Defense Time % Phy DF OF
1 K'Andre Miller Alexander Romanov 35 1 2 2
2 Noah Dobson Owen Power 35 1 2 2
3 Joshua Brown Erik Brannstrom 30 1 2 2
4 K'Andre Miller Alexander Romanov 0 1 2 2
PowerPlay Forward
Center Left Wing Right Wing Time % Phy DF OF
1 Seth Jarvis Andrei Svechnikov Andrei Kuzmenko 50 1 2 2
2 Alexander Radulov Cole Perfetti Marco Rossi 50 1 2 2
PowerPlay Defense
Defense Defense Time % Phy DF OF
1 K'Andre Miller Alexander Romanov 50 1 2 2
2 Noah Dobson Owen Power 50 1 2 2
Penalty Kill 4 Players Forward
Center Wing Time % Phy DF OF
1 Andrei Svechnikov Andrei Kuzmenko 50 1 2 2
2 Alexander Radulov Seth Jarvis 50 1 2 2
Penalty Kill 4 Players Defense
Defense Defense Time % Phy DF OF
1 K'Andre Miller Alexander Romanov 50 1 2 2
2 Noah Dobson Owen Power 50 1 2 2
Penalty Kill - 3 Players Forward
Forward Time % Phy DF OF
1 Andrei Svechnikov 50 1 2 2
2 Andrei Kuzmenko 50 1 2 2
Penalty Kill - 3 Players Defense
Defense Defense Time % Phy DF OF
1 K'Andre Miller Alexander Romanov 50 1 2 2
2 Noah Dobson Owen Power 50 1 2 2
4 vs 4 Forward
Center Wing Time % Phy DF OF
1 Andrei Svechnikov Andrei Kuzmenko 50 1 2 2
2 Alexander Radulov Seth Jarvis 50 1 2 2
4 vs 4 Defense
Defense Defense Time % Phy DF OF
1 K'Andre Miller Alexander Romanov 50 1 2 2
2 Noah Dobson Owen Power 50 1 2 2
Last Minutes Offensive
Center Left Wing Right Wing Defense Defense
Seth Jarvis Andrei Svechnikov Andrei Kuzmenko K'Andre Miller Alexander Romanov
Last Minutes Defensive
Center Left Wing Right Wing Defense Defense
Seth Jarvis Andrei Svechnikov Andrei Kuzmenko K'Andre Miller Alexander Romanov
Goaltenders
Starting : John Gibson
Backup : Jonas Johansson
Extra Forwards
Normal : Marco Rossi, Alexander Radulov, Cole Perfetti - PP : Marco Rossi, Alexander Radulov - PK : Cole Perfetti
Extra Defensemen
Normal : Joshua Brown, Erik Brannstrom, Noah Dobson - PP : Joshua Brown - PK : Erik Brannstrom, Noah Dobson
Penalty Shots
Andrei Svechnikov, Andrei Kuzmenko, Cole Perfetti, Seth Jarvis, Alexander Radulov
% Time on Ice - Boston Bruins
Lines # - Real PCT - Wanted PCT - Time Play
Normal Forward
1 - 25% - 30% - 12:24
2 - 31% - 30% - 15:17
3 - 26% - 25% - 12:36
4 - 17% - 15% - 8:30
Normal Defense
1 - 28% - 30% - 13:29
2 - 32% - 30% - 15:51
3 - 30% - 25% - 14:29
4 - 10% - 15% - 4:58
PP Forward
1 - 52% - 50% - 2:31
2 - 48% - 50% - 2:22
PP Defense
1 - 47% - 50% - 2:17
2 - 53% - 50% - 2:36
PK Forward
1 - 50% - 50% - 3:00
2 - 50% - 50% - 2:57
PK Defense
1 - 51% - 50% - 3:01
2 - 49% - 50% - 2:56
PK3 Forward
1 - 0% - 50%
2 - 0% - 50%
PK3 Defense
1 - 0% - 50%
2 - 0% - 50%
44 Forward
1 - 47% - 50% - 2:22
2 - 53% - 50% - 2:38
44 Defense
1 - 52% - 50% - 2:36
2 - 48% - 50% - 2:24
Last Minute Offensive - 0:23
Last Minute Defensive - 0:00
Total
Forward - 65:00
Defense - 65:00
|
% Time on Ice - Los Angeles Kings
Lines # - Real PCT - Wanted PCT - Time Play
Normal Forward
1 - 27% - 30% - 13:17
2 - 28% - 30% - 13:48
3 - 25% - 25% - 12:08
4 - 19% - 15% - 9:24
Normal Defense
1 - 33% - 35% - 16:01
2 - 36% - 35% - 17:32
3 - 31% - 30% - 15:04
4 - 0% - 0% - 0:00
PP Forward
1 - 65% - 50% - 3:53
2 - 35% - 50% - 2:04
PP Defense
1 - 65% - 50% - 3:52
2 - 35% - 50% - 2:05
PK Forward
1 - 63% - 50% - 3:05
2 - 37% - 50% - 1:48
PK Defense
1 - 43% - 50% - 2:05
2 - 57% - 50% - 2:48
PK3 Forward
1 - 0% - 50%
2 - 0% - 50%
PK3 Defense
1 - 0% - 50%
2 - 0% - 50%
44 Forward
1 - 49% - 50% - 2:26
2 - 51% - 50% - 2:34
44 Defense
1 - 53% - 50% - 2:39
2 - 47% - 50% - 2:21
Last Minute Offensive - 0:00
Last Minute Defensive - 0:33
Total
Forward - 65:00
Defense - 65:00
|
Play-by-Play
1st period
0:01 of 1st period - Pavel Zacha wins face-off versus Seth Jarvis in neutral zone.
0:26 of 1st period - Joel Farabee is hit by Trent Frederic and loses puck.
2:06 of 1st period - Morgan Geekie is hit by Noah Dobson and loses puck.
2:30 of 1st period - Slapshot by Noah Dobson.
2:30 of 1st period - Deflect By Trent Frederic.
2:30 of 1st period - Stopped by Leevi Merilainen without a rebound.
2:31 of 1st period - Jack Studnicka wins face-off versus Cole Perfetti in Boston Bruins zone.
2:31 of 1st period - Jack Studnicka is hit by Joshua Brown.
2:32 of 1st period - Jack Studnicka from Boston Bruins is injured at 2:32 of 1st period (Left Leg).
2:33 of 1st period - Cole Perfetti wins face-off versus Pavel Zacha in Boston Bruins zone.
3:15 of 1st period - Peyton Krebs is hit by Morgan Geekie and loses puck.
3:54 of 1st period - Snap shot by Joel Farabee.
3:54 of 1st period - Deflect By David Krejci.
3:54 of 1st period - Stopped by John Gibson with a rebound.
3:56 of 1st period - Slapshot by Charlie McAvoy.
3:56 of 1st period - Stopped by John Gibson with a rebound.
3:58 of 1st period - Snap shot by Joel Farabee.
3:58 of 1st period - Shot Misses the Net.
4:00 of 1st period - Slapshot by Tyson Barrie.
4:00 of 1st period - Shot Blocked by Erik Brannstrom.
5:21 of 1st period - Icing by Matt Grzelcyk.
5:22 of 1st period - David Krejci wins face-off versus Cole Perfetti in Boston Bruins zone.
5:26 of 1st period - Off-side.
5:27 of 1st period - Pavel Zacha wins face-off versus Cole Perfetti in neutral zone.
5:44 of 1st period - Samuel Girard is hit by Ryan Reaves and loses puck.
7:15 of 1st period - Alexander Romanov is hit by Samuel Bolduc and loses puck.
7:26 of 1st period - Wrist shot by Cooper Marody.
7:26 of 1st period - Stopped by Leevi Merilainen with a rebound.
7:28 of 1st period - Wrist shot by Jakub Zboril.
7:28 of 1st period - Shot Misses the Net.
7:30 of 1st period - Slapshot by K'Andre Miller.
7:30 of 1st period - Stopped by Leevi Merilainen with a rebound.
7:46 of 1st period - Snap shot by Vitali Kravtsov.
7:46 of 1st period - Shot Blocked by Brandon Hagel.
7:48 of 1st period - Slapshot by K'Andre Miller.
7:48 of 1st period - Stopped by Leevi Merilainen without a rebound.
7:49 of 1st period - David Krejci wins face-off versus Alexander Radulov in Boston Bruins zone.
7:49 of 1st period - David Krejci is hit by Noah Dobson.
8:04 of 1st period - Snap shot by David Krejci.
8:04 of 1st period - Stopped by John Gibson without a rebound.
8:05 of 1st period - Ryan Donato wins face-off versus Seth Jarvis in Los Angeles Kings zone.
8:08 of 1st period - Snap shot by Ryan Donato.
8:08 of 1st period - Stopped by John Gibson with a rebound.
8:18 of 1st period - Wrist shot by Andrei Svechnikov.
8:18 of 1st period - Shot Misses the Net.
8:20 of 1st period - Backhand shot by Owen Power.
8:20 of 1st period - Stopped by Leevi Merilainen without a rebound.
8:21 of 1st period - Alexander Radulov wins face-off versus David Krejci in Boston Bruins zone.
8:25 of 1st period - Minor Penalty to David Krejci for Roughing.
8:26 of 1st period - Seth Jarvis wins face-off versus Brandon Hagel in Boston Bruins zone.
8:52 of 1st period - Noah Dobson is hit by Charlie McAvoy and loses puck.
10:25 of 1st period - Penalty to David Krejci is over, David Krejci is back on ice.
10:39 of 1st period - Minor Penalty to Joel Farabee for Hooking.
10:40 of 1st period - Seth Jarvis wins face-off versus David Krejci in Boston Bruins zone.
12:26 of 1st period - Brandon Hagel is hit by Vitali Kravtsov and loses puck.
12:39 of 1st period - Penalty to Joel Farabee is over, Joel Farabee is back on ice.
13:18 of 1st period - Off-side.
13:19 of 1st period - Seth Jarvis wins face-off versus Ryan Donato in neutral zone.
14:11 of 1st period - Alexander Romanov is hit by Samuel Bolduc and loses puck.
14:20 of 1st period - Wrist shot by Brandon Hagel.
14:20 of 1st period - Stopped by John Gibson without a rebound.
14:21 of 1st period - Ryan Donato wins face-off versus Seth Jarvis in Los Angeles Kings zone.
14:28 of 1st period - Slapshot by Ryan Donato.
14:28 of 1st period - Stopped by John Gibson with a rebound.
14:46 of 1st period - Joel Farabee is hit by Ryan Reaves and loses puck.
15:11 of 1st period - Pavel Zacha is hit by Alexander Radulov and loses puck.
15:18 of 1st period - Wrist shot by Alexander Radulov.
15:18 of 1st period - Shot Hit the Post.
15:20 of 1st period - Snap shot by Trent Frederic.
15:20 of 1st period - Shot Misses the Net.
15:22 of 1st period - Snap shot by Alexander Radulov.
15:22 of 1st period - Goal by Alexander Radulov - Boston Bruins : 0 - Los Angeles Kings : 1.
15:23 of 1st period - David Krejci wins face-off versus Seth Jarvis in neutral zone.
15:50 of 1st period - Cam York is hit by Noah Dobson.
16:00 of 1st period - Snap shot by Anthony Beauvillier.
16:00 of 1st period - Stopped by John Gibson with a rebound.
16:20 of 1st period - Backhand shot by Trent Frederic.
16:20 of 1st period - Shot Blocked by Samuel Bolduc.
16:39 of 1st period - Cooper Marody is hit by Otto Koivula and loses puck.
17:00 of 1st period - Joel Farabee is hit by Joshua Brown and loses puck.
17:14 of 1st period - Off-side.
17:15 of 1st period - Pavel Zacha wins face-off versus Cole Perfetti in neutral zone.
17:20 of 1st period - Snap shot by Pavel Zacha.
17:20 of 1st period - Shot Blocked by Cole Perfetti.
17:28 of 1st period - Wrist shot by Pavel Zacha.
17:28 of 1st period - Shot Blocked by K'Andre Miller.
17:59 of 1st period - Cam York is hit by Peyton Krebs and loses puck.
18:35 of 1st period - Icing by Noah Dobson.
18:36 of 1st period - Cooper Marody wins face-off versus Ryan Donato in Los Angeles Kings zone.
18:43 of 1st period - Snap shot by Andrei Svechnikov.
18:43 of 1st period - Deflect By Seth Jarvis.
18:43 of 1st period - Shot Misses the Net.
18:43 of 1st period - Puck is out of play.
18:44 of 1st period - Seth Jarvis wins face-off versus Brandon Hagel in Boston Bruins zone.
18:51 of 1st period - Wrist shot by Andrei Svechnikov.
18:51 of 1st period - Shot Blocked by Tyson Barrie.
18:57 of 1st period - Wrist shot by Brandon Hagel.
18:57 of 1st period - Shot Misses the Net.
19:18 of 1st period - Wrist shot by Joel Farabee.
19:18 of 1st period - Stopped by John Gibson with a rebound.
19:52 of 1st period - Off-side.
19:53 of 1st period - Seth Jarvis wins face-off versus Pavel Zacha in neutral zone.
Goals for this period are 0 for Boston Bruins vs 1 for Los Angeles Kings.
Shots for this period are 8 for Boston Bruins vs 6 for Los Angeles Kings.
2nd period
0:01 of 2nd period - Pavel Zacha wins face-off versus Alexander Radulov in neutral zone.
0:12 of 2nd period - Snap shot by Pavel Zacha.
0:12 of 2nd period - Shot Blocked by Noah Dobson.
0:33 of 2nd period - Noah Dobson is hit by Joel Farabee and loses puck.
0:38 of 2nd period - Snap shot by Joel Farabee.
0:38 of 2nd period - Stopped by John Gibson without a rebound.
0:39 of 2nd period - Ryan Donato wins face-off versus Cole Perfetti in Los Angeles Kings zone.
0:48 of 2nd period - Snap shot by Morgan Geekie.
0:48 of 2nd period - Stopped by John Gibson with a rebound.
0:50 of 2nd period - Slapshot by Cam York.
0:50 of 2nd period - Shot Blocked by Joshua Brown.
0:52 of 2nd period - Wrist shot by Morgan Geekie.
0:52 of 2nd period - Stopped by John Gibson with a rebound.
0:54 of 2nd period - Wrist shot by Cam York.
0:54 of 2nd period - Shot Blocked by Joshua Brown.
1:25 of 2nd period - Snap shot by Andrei Svechnikov.
1:25 of 2nd period - Shot Blocked by John-Jason Peterka.
1:27 of 2nd period - Slapshot by Andrei Svechnikov.
1:27 of 2nd period - Shot Misses the Net.
1:29 of 2nd period - Slapshot by Joshua Brown.
1:29 of 2nd period - Deflect By Seth Jarvis.
1:29 of 2nd period - Shot Misses the Net.
1:29 of 2nd period - Puck is out of play.
1:30 of 2nd period - Seth Jarvis wins face-off versus Curtis Hall in Boston Bruins zone.
1:37 of 2nd period - Slapshot by Andrei Svechnikov.
1:37 of 2nd period - Shot Misses the Net.
1:39 of 2nd period - Slapshot by Alexander Romanov.
1:39 of 2nd period - Stopped by Leevi Merilainen with a rebound.
1:41 of 2nd period - Wrist shot by Andrei Svechnikov.
1:41 of 2nd period - Shot Misses the Net.
1:43 of 2nd period - Snap shot by Andrei Kuzmenko.
1:43 of 2nd period - Deflect By Andrei Svechnikov.
1:43 of 2nd period - Shot Blocked by Charlie McAvoy.
1:43 of 2nd period - Puck is out of play.
1:44 of 2nd period - Pavel Zacha wins face-off versus Cole Perfetti in Boston Bruins zone.
1:44 of 2nd period - Pavel Zacha is hit by Marco Rossi.
2:52 of 2nd period - Cam York is hit by Jakub Zboril and loses puck.
3:03 of 2nd period - Slapshot by Noah Dobson.
3:03 of 2nd period - Deflect By Vitali Kravtsov.
3:03 of 2nd period - Shot Misses the Net.
3:03 of 2nd period - Puck is out of play.
3:04 of 2nd period - Cole Perfetti wins face-off versus Pavel Zacha in Boston Bruins zone.
3:05 of 2nd period - Snap shot by Marco Rossi.
3:05 of 2nd period - Shot Misses the Net.
3:07 of 2nd period - Wrist shot by Cole Perfetti.
3:07 of 2nd period - Shot Blocked by Samuel Bolduc.
3:09 of 2nd period - Wrist shot by Erik Brannstrom.
3:09 of 2nd period - Deflect By Cole Perfetti.
3:09 of 2nd period - Stopped by Leevi Merilainen with a rebound.
3:41 of 2nd period - Backhand shot by Trent Frederic.
3:41 of 2nd period - Shot Misses the Net.
4:24 of 2nd period - Slapshot by Noah Dobson.
4:24 of 2nd period - Stopped by Leevi Merilainen with a rebound.
4:43 of 2nd period - Wrist shot by Cole Perfetti.
4:43 of 2nd period - Goal by Cole Perfetti - Boston Bruins : 0 - Los Angeles Kings : 2.
4:44 of 2nd period - Pavel Zacha wins face-off versus Alexander Radulov in neutral zone.
4:51 of 2nd period - Wrist shot by Anthony Beauvillier.
4:51 of 2nd period - Shot Blocked by Joshua Brown.
5:19 of 2nd period - Snap shot by K'Andre Miller.
5:19 of 2nd period - Stopped by Leevi Merilainen without a rebound.
5:20 of 2nd period - Seth Jarvis wins face-off versus David Krejci in Boston Bruins zone.
5:54 of 2nd period - Icing by Noah Dobson.
5:55 of 2nd period - Pavel Zacha wins face-off versus Alexander Radulov in Los Angeles Kings zone.
6:20 of 2nd period - Cole Perfetti is hit by Charlie McAvoy and loses puck.
6:47 of 2nd period - Snap shot by Andrei Svechnikov.
6:47 of 2nd period - Stopped by Leevi Merilainen with a rebound.
6:49 of 2nd period - Snap shot by Noah Dobson.
6:49 of 2nd period - Deflect By Morgan Geekie.
6:49 of 2nd period - Stopped by Leevi Merilainen without a rebound.
6:50 of 2nd period - Curtis Hall wins face-off versus Seth Jarvis in Boston Bruins zone.
6:50 of 2nd period - Curtis Hall is hit by Seth Jarvis.
7:02 of 2nd period - Backhand shot by Andrei Svechnikov.
7:02 of 2nd period - Shot Blocked by Otto Koivula.
7:04 of 2nd period - Slapshot by Alexander Romanov.
7:04 of 2nd period - Stopped by Leevi Merilainen without a rebound.
7:05 of 2nd period - David Krejci wins face-off versus Peyton Krebs in Boston Bruins zone.
7:35 of 2nd period - Snap shot by Anthony Beauvillier.
7:35 of 2nd period - Stopped by John Gibson with a rebound.
10:23 of 2nd period - David Krejci is hit by Noah Dobson and loses puck.
11:09 of 2nd period - Wrist shot by Andrei Svechnikov.
11:09 of 2nd period - Stopped by Leevi Merilainen with a rebound.
13:26 of 2nd period - Anthony Beauvillier is hit by Erik Brannstrom and loses puck.
13:33 of 2nd period - Peyton Krebs is hit by Charlie McAvoy and loses puck.
15:30 of 2nd period - Tyson Barrie is hit by Cooper Marody and loses puck.
16:28 of 2nd period - John-Jason Peterka is hit by Cole Perfetti.
16:53 of 2nd period - Ryan Donato is hit by Owen Power and loses puck.
16:58 of 2nd period - Snap shot by Andrei Kuzmenko.
16:58 of 2nd period - Deflect By Alexander Radulov.
16:58 of 2nd period - Stopped by Leevi Merilainen with a rebound.
17:39 of 2nd period - Brandon Hagel is hit by Peyton Krebs and loses puck.
18:08 of 2nd period - Cam York is hit by Peyton Krebs and loses puck.
18:54 of 2nd period - Slapshot by Tyson Barrie.
18:54 of 2nd period - Shot Blocked by Ryan Reaves.
19:20 of 2nd period - David Krejci is hit by Alexander Radulov and loses puck.
19:45 of 2nd period - Tyson Barrie is hit by Ryan Reaves and loses puck.
Goals for this period are 0 for Boston Bruins vs 1 for Los Angeles Kings.
Shots for this period are 4 for Boston Bruins vs 10 for Los Angeles Kings.
3rd period
0:01 of 3rd period - Pavel Zacha wins face-off versus Andrei Kuzmenko in neutral zone.
1:43 of 3rd period - Minor Penalty to Joel Farabee for Tripping.
1:44 of 3rd period - Seth Jarvis wins face-off versus David Krejci in Boston Bruins zone.
3:43 of 3rd period - Penalty to Joel Farabee is over, Joel Farabee is back on ice.
4:44 of 3rd period - Snap shot by Vitali Kravtsov.
4:44 of 3rd period - Stopped by Leevi Merilainen without a rebound.
4:45 of 3rd period - Cooper Marody wins face-off versus Curtis Hall in Boston Bruins zone.
4:46 of 3rd period - Wrist shot by Vitali Kravtsov.
4:46 of 3rd period - Stopped by Leevi Merilainen with a rebound.
5:09 of 3rd period - Owen Power is hit by Joel Farabee and loses puck.
5:16 of 3rd period - Wrist shot by Marco Rossi.
5:16 of 3rd period - Shot Blocked by Joel Farabee.
5:18 of 3rd period - Snap shot by Erik Brannstrom.
5:18 of 3rd period - Stopped by Leevi Merilainen with a rebound.
5:20 of 3rd period - Slapshot by Joshua Brown.
5:20 of 3rd period - Deflect By Marco Rossi.
5:20 of 3rd period - Shot Misses the Net.
5:20 of 3rd period - Puck is out of play.
5:21 of 3rd period - Pavel Zacha wins face-off versus Alexander Radulov in Boston Bruins zone.
5:49 of 3rd period - Wrist shot by Cole Perfetti.
5:49 of 3rd period - Shot Misses the Net.
5:51 of 3rd period - Slapshot by Joshua Brown.
5:51 of 3rd period - Deflect By Marco Rossi.
5:51 of 3rd period - Shot Misses the Net.
5:51 of 3rd period - Puck is out of play.
5:52 of 3rd period - David Krejci wins face-off versus Cole Perfetti in Boston Bruins zone.
6:03 of 3rd period - Ryan Reaves is hit by John-Jason Peterka and loses puck.
6:23 of 3rd period - Off-side.
6:24 of 3rd period - Pavel Zacha wins face-off versus Alexander Radulov in neutral zone.
6:35 of 3rd period - Snap shot by Anthony Beauvillier.
6:35 of 3rd period - Shot Blocked by Erik Brannstrom.
6:39 of 3rd period - Slapshot by Charlie McAvoy.
6:39 of 3rd period - Shot Misses the Net.
6:56 of 3rd period - Icing by Joshua Brown.
6:57 of 3rd period - Seth Jarvis wins face-off versus Pavel Zacha in Los Angeles Kings zone.
7:54 of 3rd period - Wrist shot by Marco Rossi.
7:54 of 3rd period - Shot Misses the Net.
8:06 of 3rd period - Snap shot by Vitali Kravtsov.
8:06 of 3rd period - Stopped by Leevi Merilainen with a rebound.
8:15 of 3rd period - Icing by Samuel Bolduc.
8:16 of 3rd period - David Krejci wins face-off versus Seth Jarvis in Boston Bruins zone.
8:41 of 3rd period - Slapshot by Matt Grzelcyk.
8:41 of 3rd period - Deflect By Pavel Zacha.
8:41 of 3rd period - Stopped by John Gibson with a rebound.
10:04 of 3rd period - Anthony Beauvillier is hit by Peyton Krebs and loses puck.
10:21 of 3rd period - Wrist shot by Cole Perfetti.
10:21 of 3rd period - Shot Misses the Net.
10:44 of 3rd period - Slapshot by Andrei Kuzmenko.
10:44 of 3rd period - Shot Misses the Net.
11:06 of 3rd period - Ryan Donato is hit by Jakub Zboril and loses puck.
11:28 of 3rd period - Minor Penalty to Cole Perfetti for Holding Stick.
11:29 of 3rd period - David Krejci wins face-off versus Andrei Svechnikov in Los Angeles Kings zone.
11:38 of 3rd period - Snap shot by David Krejci.
11:38 of 3rd period - Stopped by John Gibson with a rebound.
11:40 of 3rd period - Snap shot by Tyson Barrie.
11:40 of 3rd period - Deflect By Andrei Svechnikov.
11:40 of 3rd period - Stopped by John Gibson without a rebound.
11:41 of 3rd period - Alexander Radulov wins face-off versus Pavel Zacha in Los Angeles Kings zone.
12:18 of 3rd period - Snap shot by Anthony Beauvillier.
12:18 of 3rd period - Shot Blocked by Owen Power.
12:20 of 3rd period - Snap shot by Pavel Zacha.
12:20 of 3rd period - Stopped by John Gibson with a rebound.
12:22 of 3rd period - Wrist shot by Anthony Beauvillier.
12:22 of 3rd period - Goal by Anthony Beauvillier - Boston Bruins : 1 - Los Angeles Kings : 2.
12:23 of 3rd period - David Krejci wins face-off versus Seth Jarvis in neutral zone.
12:34 of 3rd period - Slapshot by K'Andre Miller.
12:34 of 3rd period - Shot Blocked by Tyson Barrie.
12:36 of 3rd period - Snap shot by Seth Jarvis.
12:36 of 3rd period - Stopped by Leevi Merilainen without a rebound.
12:37 of 3rd period - Pavel Zacha wins face-off versus Alexander Radulov in Boston Bruins zone.
12:44 of 3rd period - Snap shot by Peyton Krebs.
12:44 of 3rd period - Stopped by Leevi Merilainen without a rebound.
12:45 of 3rd period - Pavel Zacha wins face-off versus Alexander Radulov in Boston Bruins zone.
12:56 of 3rd period - Wrist shot by Anthony Beauvillier.
12:56 of 3rd period - Deflect By Brandon Hagel.
12:56 of 3rd period - Stopped by John Gibson with a rebound.
13:14 of 3rd period - Slapshot by Charlie McAvoy.
13:14 of 3rd period - Shot Blocked by Andrei Kuzmenko.
13:16 of 3rd period - Slapshot by Charlie McAvoy.
13:16 of 3rd period - Stopped by John Gibson with a rebound.
13:18 of 3rd period - Backhand shot by Charlie McAvoy.
13:18 of 3rd period - Shot Misses the Net.
13:20 of 3rd period - Slapshot by Charlie McAvoy.
13:20 of 3rd period - Shot Misses the Net.
13:34 of 3rd period - Wrist shot by Joel Farabee.
13:34 of 3rd period - Stopped by John Gibson with a rebound.
13:36 of 3rd period - Snap shot by Cam York.
13:36 of 3rd period - Deflect By Joel Farabee.
13:36 of 3rd period - Stopped by John Gibson with a rebound.
13:38 of 3rd period - Snap shot by Samuel Girard.
13:38 of 3rd period - Stopped by John Gibson with a rebound.
13:40 of 3rd period - Wrist shot by John-Jason Peterka.
13:40 of 3rd period - Shot Misses the Net.
13:42 of 3rd period - Slapshot by Cam York.
13:42 of 3rd period - Stopped by John Gibson without a rebound.
13:43 of 3rd period - Alexander Radulov wins face-off versus Pavel Zacha in Los Angeles Kings zone.
14:38 of 3rd period - Wrist shot by David Krejci.
14:38 of 3rd period - Stopped by John Gibson without a rebound.
14:39 of 3rd period - Seth Jarvis wins face-off versus Anthony Beauvillier in Los Angeles Kings zone.
14:41 of 3rd period - Double Minor Penalty to Andrei Svechnikov for High sticking.
14:42 of 3rd period - Alexander Radulov wins face-off versus David Krejci in Los Angeles Kings zone.
15:39 of 3rd period - Wrist shot by Brandon Hagel.
15:39 of 3rd period - Stopped by John Gibson with a rebound.
15:41 of 3rd period - Slapshot by Samuel Girard.
15:41 of 3rd period - Shot Misses the Net.
15:43 of 3rd period - Slapshot by Cam York.
15:43 of 3rd period - Shot Blocked by Owen Power.
16:28 of 3rd period - Wrist shot by Joel Farabee.
16:28 of 3rd period - Shot Misses the Net.
17:54 of 3rd period - Morgan Geekie is hit by Cooper Marody and loses puck.
18:11 of 3rd period - Alexander Romanov is hit by Anthony Beauvillier and loses puck.
18:39 of 3rd period - Peyton Krebs is hit by David Krejci and loses puck.
18:41 of 3rd period - Penalty to Andrei Svechnikov is over, Andrei Svechnikov is back on ice.
18:50 of 3rd period - Owen Power is hit by Joe Veleno and loses puck.
19:03 of 3rd period - Boston Bruins, Leevi Merilainen is pulled from the net.
19:15 of 3rd period - Slapshot by Matt Grzelcyk.
19:15 of 3rd period - Shot Blocked by Joshua Brown.
19:17 of 3rd period - Wrist shot by Otto Koivula.
19:17 of 3rd period - Goal by Otto Koivula - Boston Bruins : 2 - Los Angeles Kings : 2.
19:17 of 3rd period - Leevi Merilainen from Boston Bruins was sent back in the game.
19:18 of 3rd period - David Krejci wins face-off versus Cole Perfetti in neutral zone.
19:28 of 3rd period - Slapshot by Noah Dobson.
19:28 of 3rd period - Stopped by Leevi Merilainen without a rebound.
19:29 of 3rd period - Ryan Donato wins face-off versus Cole Perfetti in Boston Bruins zone.
19:36 of 3rd period - Slapshot by Joe Veleno.
19:36 of 3rd period - Shot Blocked by Owen Power.
19:54 of 3rd period - Noah Dobson is hit by Otto Koivula and loses puck.
Goals for this period are 2 for Boston Bruins vs 0 for Los Angeles Kings.
Shots for this period are 14 for Boston Bruins vs 7 for Los Angeles Kings.
Overtime #1
0:01 of 1st overtime period - Andrei Svechnikov wins face-off versus Brandon Hagel in neutral zone.
0:52 of 1st overtime period - Seth Jarvis is hit by Charlie McAvoy and loses puck.
2:21 of 1st overtime period - Matt Grzelcyk is hit by Cole Perfetti and loses puck.
2:28 of 1st overtime period - Wrist shot by Marco Rossi.
2:28 of 1st overtime period - Shot Misses the Net.
3:25 of 1st overtime period - Joshua Brown is hit by Curtis Hall and loses puck.
4:00 of 1st overtime period - Wrist shot by Curtis Hall.
4:00 of 1st overtime period - Deflect By Ryan Donato.
4:00 of 1st overtime period - Stopped by John Gibson with a rebound.
4:56 of 1st overtime period - Wrist shot by Joe Veleno.
4:56 of 1st overtime period - Shot Misses the Net.
4:58 of 1st overtime period - Snap shot by Curtis Hall.
4:58 of 1st overtime period - Shot Blocked by Erik Brannstrom.
Goals for this period are 0 for Boston Bruins vs 0 for Los Angeles Kings.
Shots for this period are 1 for Boston Bruins vs 0 for Los Angeles Kings.
ShootOut
5:00 of 1st overtime period - Round #1.
5:00 of 1st overtime period - Boston Bruins, Brandon Hagel.
5:00 of 1st overtime period - Snap shot by Brandon Hagel.
5:00 of 1st overtime period - Goal by Brandon Hagel.
5:00 of 1st overtime period - Los Angeles Kings, Andrei Svechnikov.
5:00 of 1st overtime period - Snap shot by Andrei Svechnikov.
5:00 of 1st overtime period - Stopped by Leevi Merilainen.
5:00 of 1st overtime period - Round #2.
5:00 of 1st overtime period - Boston Bruins, Pavel Zacha.
5:00 of 1st overtime period - Wrist shot by Pavel Zacha.
5:00 of 1st overtime period - Stopped by John Gibson.
5:00 of 1st overtime period - Los Angeles Kings, Andrei Kuzmenko.
5:00 of 1st overtime period - Snap shot by Andrei Kuzmenko.
5:00 of 1st overtime period - Goal by Andrei Kuzmenko.
5:00 of 1st overtime period - Round #3.
5:00 of 1st overtime period - Boston Bruins, David Krejci.
5:00 of 1st overtime period - Snap shot by David Krejci.
5:00 of 1st overtime period - Shot Misses the Net.
5:00 of 1st overtime period - Los Angeles Kings, Cole Perfetti.
5:00 of 1st overtime period - Snap shot by Cole Perfetti.
5:00 of 1st overtime period - Goal by Cole Perfetti.
Back to the Top